cohdb
Replays
Latest Replays
All Replays
Popular Replays
Top Player Replays
Match Explorer
How It Works
Community
CoH3 Stats
Reddit
Sign in to upload your games and track your stats! →
Sign in with Steam
Match 44445303
Unlisted
Match 44445303
Overview
Messages
Build Orders
End
Royal Engineer Section
Construct Section Command Post
Selects Canadian Shock Battlegroup
Dingo Light Scout Car
Vickers Machine Gun Team
Infantry Section
ML 3-inch Mortar Team
Construct Platoon Command Post
Selects Attacking Spirit
Selects Canadian Shock Section
Humber Armored Car
Grenade Package
Canadian Shock Section
6-pounder Anti-tank Gun Team
Selects Incendiary Munitions
Team Weapon Training
Construct Company Command Post
Crusader II Medium Tank
Crusader II Medium Tank
Selects Pyrotechnics
Armored Vehicle Training
Armored Vehicle Training
Crusader II Medium Tank
Royal Engineer Section
Selects Churchill Crocodile Heavy Tank
Gwangju's Hero Chun Doo-gwang
paungchain.hmo
ZiraLeone
Arkanor
[B2B] Totino the Pizza Boy
Caleb187
0
0
Comments
sign in to comment!
No comments posted yet!